Description

This is a build order that Reynor used during the HomeStory Cup against Serral.

This build has been used for defensing a Roach/Ravager push, but you can also use it like an aggressive build. It has a lot of avantages:

-It can counter a 2 bases Roach/Ravager push(timing attack)

-It can also be used as a timing attack build

-Very economic:It's a build focusing on economy so if you need to switch during the game on mutas,hydras, infestor, swarm hosts or Ultralisks, it is possible

-Easy to execute

-Don't have troops that are hard to micro

The cons:

-Your oppenent can go on a fast mutas on 2 bases and deal you several damages(corruptor, mutas or hydralisks switch needed)

-A zergling rush (13/12 or 3 min 30 rush) can also cause problems in the execution of the build

VOD

https://youtu.be/PzFRWaXXawg?t=383

Replay - GOReynor v Serral: Game 2 - Ephemeron LE

Build Order

Get SALT Encoding   

  12  0:00  Drone  
  13  0:12  Overlord  
  13  0:16  Drone  
  14  0:30  Drone x2  
  16  0:48  Hatchery  
  15  0:52  Drone x2  
  17  0:58  Drone  
  18  1:09  Extractor  
  17  1:13  Spawning Pool  
  17  1:17  Drone x2  
  18  1:28  Drone  
  21  1:59  Overlord  
  21  2:00  Queen x2  1 queen on first bases, 2nd queen on B2
  21  2:01  Zergling x2  The first two zerglings are made for scouting
  26  2:13  Metabolic Boost  
  30  2:34  Hatchery  
  32  2:53  Overlord  
  32  2:54  Evolution Chamber  Try to make a wall with the evo chamber, the queens and the roach warren(you'll build it later)
  32  2:56  Zergling x2  
  35  3:10  Zergling x10  
  43  3:21  Overlord  
  43  3:27  Zerg Missile Weapons Level 1  
  44  3:38  Roach Warren  
  44  3:42  Overlord  
  42  3:55  Extractor x2  
  46  4:06  Queen  
  49  4:21  Roach x6  
  63  4:26  Roach x2  
  63  4:29  Zergling x6  
  69  4:41  Roach x2  
  73  4:58  Spine Crawler x2  (Only in need if you scouted a terrestrial push)
Spawning Tool Build Advisor. Get it on Overwolf

Analysis

We can see that both players go for a very basic build order. We can see that Serral will make a roach/ravager push with some queens(healing units) on Reynor's third base. Reynor will lose his roach warren but will destroy Serral's main army(roach/, ravager) and will quickly attack serral after he has defend this push.

Go to:

Details

  • Created by: TuxSwarm
  • Published on: Apr 14, 2020
  • Modified on: Apr 14, 2020
  • Patch: 4.11.0
Show
View Real Time Build Order
Export as new Build Order

Comments (0)

There are no comments. Be the first!

Create an account to comment!